 Dungeon Crawl Stone Soup version 0.31.0-32-g396128a36d (webtiles) character file.

Game seed: 15162394823398167549

66675 Zeo the Marksdraconian (level 14, -1/122 HPs)
             Began as a White Draconian Hunter on Apr 5, 2024.
             Was a Priest of Hepliaklqana.
             Slain by a manticore (14 damage)
             ... on level 11 of the Dungeon.
             The game lasted 01:33:01 (21104 turns).

Zeo the Marksdraconian (White Draconian Hunter)    Turns: 21104, Time: 01:33:01

Health: -1/122     AC: 13    Str: 15    XL:     14   Next: 80%
Magic:  17/17      EV: 14    Int: 14    God:    Hepliaklqana [***...]
Gold:   42         SH:  0    Dex: 30    Spells: 13/13 levels left

rFire   . . .        e - +0 hand cannon (chaos)
rCold   + + .        (no shield)
rNeg    . . .        (body armour unavailable)
rPois   +            (helmet restricted)
rElec   +            s - +2 cloak
rCorr   +            D - +1 pair of gloves "Veitis" {rC+ rCorr Int+4}
SInv    .            (no boots)
Will    ++...        T - amulet of reflection
Stlth   +            l - ring "Farrah" {rElec rPois Will+ Dex+6}
HPRegen 0.40/turn    X - +6 ring of dexterity
MPRegen 0.15/turn

%: reflection
@: confused, short of breath, ambrosia-drunk
A: reduced essence, breathe frost, AC +8, unfitting armour, cold resistance 1,
cold-blooded
a: Breathe Frost, Renounce Religion, Recall Ancestor, Ancestor Identity,
Transference


You were on level 11 of the Dungeon.
You worshipped Hepliaklqana.
Hepliaklqana was most pleased with you.
You visited 4 branches of the dungeon, and saw 19 of its levels.
You also visited: Bailey.

You collected 1961 gold pieces.
You spent 1919 gold pieces at shops.

Inventory:

Hand Weapons
 e - a +0 hand cannon of chaos (weapon)
 t - a +0 arbalest of draining
 R - a +7 sling
Armour
 b - a +0 plate armour
 s - a +2 cloak (worn)
 D - the +1 pair of gloves "Veitis" (worn) {rC+ rCorr Int+4}
   (You found it in a bailey)

   Int+4:     It affects your intelligence (+4).
   rC+:       It protects you from cold.
   rCorr:     It protects you from acid and corrosion.
Jewellery
 i - the ring of Jaucei Jybi {rF- rC+ Will+ Str+3 Int+4 Dex+4}
   (You bought it in a shop on level 9 of the Dungeon)

   [ring of willpower]

   Str+3:     It affects your strength (+3).
   Int+4:     It affects your intelligence (+4).
   Dex+4:     It affects your dexterity (+4).
   rF-:       It makes you vulnerable to fire.
   rC+:       It protects you from cold.
   Will+:     It increases your willpower.
 l - the ring "Farrah" (left hand) {rElec rPois Will+ Dex+6}
   (You bought it in a shop on level 9 of the Dungeon)

   [ring of dexterity]

   Dex+6:     It affects your dexterity (+6).
   rElec:     It insulates you from electricity.
   rPois:     It protects you from poison Will+: It increases your willpower.
 C - a ring of resist corrosion
 O - a +5 ring of evasion
 T - an amulet of reflection (around neck)
 X - a +6 ring of dexterity (right hand)
 Y - a ring of protection from cold
Wands
 g - a wand of mindburst (10)
 F - a wand of acid (11)
 K - a wand of polymorph (19)
 M - a wand of iceblast (6)
 P - a wand of paralysis (5)
Scrolls
 c - 4 scrolls of immolation
 d - 2 scrolls of amnesia
 f - 8 scrolls of fog
 j - 2 scrolls of enchant armour
 p - 3 scrolls of poison
 y - 3 scrolls of teleportation
 z - a scroll of noise
 A - 4 scrolls of enchant weapon
 B - a scroll of torment
 H - a scroll of vulnerability
 I - 2 scrolls of revelation
 L - 2 scrolls of silence
Potions
 a - a potion of enlightenment {unknown}
 h - 3 potions of lignification
 k - a potion of might
 m - a potion of brilliance
 o - 9 potions of curing
 q - 6 potions of mutation
 r - a potion of resistance
 v - a potion of invisibility
 w - 4 potions of attraction
 E - a potion of cancellation
 G - a potion of magic {unknown}
 J - 2 potions of heal wounds
 N - a potion of haste {unknown}
 Q - a potion of ambrosia


   Skills:
 + Level 15.7 Fighting
 + Level 19.4 Ranged Weapons
 - Level 2.5 Dodging
 - Level 1.7 Stealth
 + Level 4.1 Shields
 - Level 5.0 Invocations
 + Level 1.2 Evocations


You had 13 spell levels left.
You didn't know any spells.
Your spell library contained the following spells:

 Spells                   Type           Power      Damage    Failure   Level
 Freeze                   Ice            0%         1d3       28%         1
 Necrotise                Necr           0%         1d4       28%         1
 Sandblast                Erth           0%         2d4       28%         1
 Cigotuvi's Dreadful Rot  Necr/Alch/Air  0%         N/A       41%         2
 Jinxbite                 Hex            0%         N/A       41%         2
 Sublimation of Blood     Necr           0%         N/A       41%         2
 Frozen Ramparts          Ice            0%         1d1       65%         3
 Hailstorm                Conj/Ice       0%         3d5       65%         3
 Inner Flame              Hex/Fire       0%         N/A       65%         3
 Ozocubu's Armour         Ice            0%         N/A       65%         3
 Passwall                 Erth           0%         N/A       65%         3
 Stone Arrow              Conj/Erth      0%         3d7       65%         3
 Summon Ice Beast         Ice/Summ       0%         N/A       65%         3
 Vampiric Draining        Necr           0%         2d6       65%         3
 Brom's Barrelling Bould  Conj/Erth      0%         2d3       96%         4
 Ignite Poison            Fire/Alch      0%         N/A       96%         4
 Martyr's Knell           Necr/Summ      0%         N/A       96%         4
 Petrify                  Alch/Erth      0%         N/A       96%         4
 Curse of Agony           Necr           0%         N/A       100%        5
 Freezing Cloud           Conj/Ice/Air   0%         6-21      100%        5
 Irradiate                Conj/Alch      0%         3d11      100%        5
 Metabolic Englaciation   Hex/Ice        0%         N/A       100%        5
 Yara's Violent Unravell  Hex/Alch       0%         3d3       100%        5
 Sculpt Simulacrum        Ice/Alch       0%         N/A       100%        6
 Enfeeble                 Hex            0%         N/A       100%        7
 Ignition                 Fire           0%         3d3       100%        8


Dungeon Overview and Level Annotations

Branches:
Dungeon (11/15)            Temple (1/1) D:4            Lair (5/5) D:11
  Swamp (0/4) Lair:2        Snake (0/4) Lair:2        Slime (0/5) Lair:5
    Orc (2/2) D:9             Elf (0/3) Orc:2        Bailey (visited)

Altars:
Ashenzari
Cheibriados
Dithmenos
Elyvilon
Fedhas
Gozag
Hepliaklqana
Kikubaaqudgha
Makhleb
Nemelex Xobeh
Okawaru
Qazlal
Ru
Sif Muna
Trog
Uskayaw
Vehumet
Wu Jian
Xom
Yredelemnul
Zin
The Shining One
Jiyva

Shops:
D:1 !   D:6 [   D:8 (   D:9 (?*(:=   D:11 *   Orc:2 (((

Portals:
Trove: D:11 (give +5 demon trident)


Innate Abilities, Weirdness & Mutations

Your life essence is reduced to manifest your ancestor. (-10% HP)
You can breathe waves of freezing cold which knock back foes.
Your icy white scales are hard. (AC +8)
You cannot fit into any form of body armour.
Your flesh is cold resistant. (rC+)
You are cold-blooded and may be slowed by cold attacks.


Message History

Press: ? - help, Shift-Dir - straight line, f/p - deep elf pyromancer
Aim: a deep elf pyromancer, wielding a +0 long sword (almost dead, fragile as glass, 72% to hit)
You shoot a bolt. The bolt hits the deep elf pyromancer!!
The bolt freezes the deep elf pyromancer.
You kill the deep elf pyromancer!
The manticore closely misses you. You block the manticore's attack.
The manticore claws you but does no damage.
Fire: e) +0 hand cannon (chaos)
Press: ? - help, Shift-Dir - straight line, f - manticore
Aim: a manticore (83% to hit)
You shoot a bolt. The bolt hits the manticore.
The bolt burns the manticore.
The manticore is lightly wounded.
The manticore bites you!!
* * * LOW HITPOINT WARNING * * *
The manticore claws you.
* * * LOW HITPOINT WARNING * * *
You block the manticore's attack.
Fire: e) +0 hand cannon (chaos)
Press: ? - help, Shift-Dir - straight line, f/p - manticore
Aim: a manticore (magical condensation, lightly wounded, 83% to hit)
You shoot a bolt. The bolt barely misses the manticore.
The manticore closely misses you. The manticore barely misses you.
The manticore claws you.
* * * LOW HITPOINT WARNING * * *
Fire: e) +0 hand cannon (chaos)
Press: ? - help, Shift-Dir - straight line, f/p - manticore
Aim: a manticore (magical condensation, lightly wounded, 83% to hit)
You shoot a bolt. The bolt barely misses the manticore.
The manticore bites you.
* * * LOW HITPOINT WARNING * * *
The manticore claws you.
* * * LOW HITPOINT WARNING * * *
You block the manticore's attack.
You are confused.
You feel invigorated. The manticore bites you.
* * * LOW HITPOINT WARNING * * *
The manticore completely misses you. The manticore closely misses you.
You bump into the translucent stone wall.
The manticore bites you!
You die...

..........##..........~≈≈≈≈..>.~.
........<.########....~≈≈≈≈~....~
........####∩8∩8.##...≈≈≈≈≈.~.~.~
......### #...$(.∩#...~≈≈≈≈≈~~~~≈
......#####8.$8$$8#.....~~≈≈≈≈~~≈
..........#..$_$..#......≈≈≈~≈.~≈
..........##$$...##.....≈~~≈.~~.≈
...........##''[##.......~~...~.~
...............H@................
...............°☼................
####...............######....#...
#######.........# #....####
#.........# ###### #.....)...#
#.........# ###########


You could see a manticore.

Vanquished Creatures
  The ghost of PaiMei the Artisan of Death, a journeyman DsNe of Kikubaaqudgha (D:11)
  6 hydras
  Fannar (D:10)
  5 catoblepae
  2 ogre magi (Orc:2)
  A boulder beetle (Lair:2)
  5 two-headed ogres
  6 death yaks (Lair:5)
  Pikel (D:5)
  A lindwurm (Lair:4)
  A deep elf pyromancer (D:11)
  6 orc knights
  3 manticores
  2 cyclopes (D:11)
  A salamander (Lair:2)
  2 kobold blastminers (Orc:1)
  The ghost of Eli the Caller, a novice DEFE of Vehumet (D:7)
  3 black mambas
  Joseph (D:10)
  A gargoyle (D:11)
  A torpor snail (Lair:1)
  9 cane toads
  A tengu conjurer (D:11)
  A yaktaur (Orc:2)
  6 rime drakes
  10 komodo dragons
  2 guardian mummies (D:11)
  A tyrant leech (Lair:2)
  A polar bear (Lair:5)
  5 trolls
  3 blink frogs (Lair:4)
  3 dream sheep (Lair:4)
  A shadow (D:9)
  33 yaks
  7 wyverns
  A wraith (D:10)
  A basilisk (Lair:2)
  2 steam dragons
  8 vampire mosquitoes
  7 wargs (Orc:2)
  A swamp worm (Lair:2)
  3 acid dragons
  5 water moccasins
  3 black bears
  2 ice beasts (D:6)
  24 orc warriors
  2 sky beasts
  6 ogres
  7 centaurs
  43 wolves
  A phantom (D:5)
  3 kobold brigands
  12 bullfrogs
  A gnoll sergeant (D:9)
  7 scorpions
  10 wights
  15 killer bees
  5 howler monkeys
  5 electric eels (D:11)
  4 lava snakes
  10 hounds
  17 jellies
  11 orc priests
  2 sleepcaps
  4 gnoll boudas
  3 iguanas
  Natasha (thrice) (D:2)
  6 orc wizards
  19 gnolls
  12 adders
  2 shadow imps
  A white imp (D:7)
  2 ufetubi (D:6)
  4 dart slugs
  A ribbon worm (D:3)
  87 orcs
  10 endoplasms
  2 giant cockroaches
  12 goblins
  3 hobgoblins
  3 jackals (D:1)
  5 quokkas
  5 ball pythons
  4 bats
  4 frilled lizards
  23 kobolds
  6 rats
573 creatures vanquished.

Vanquished Creatures (collateral kills)
  A boulder beetle (Lair:5)
  A catoblepas (Lair:5)
  An ogre mage (Orc:2)
  A death yak (Lair:5)
  A skyshark (Lair:4)
  2 orc knights (Orc:2)
  An orc sorcerer (Orc:1)
  A manticore (Lair:5)
  3 kobold blastminers
  A cane toad (Lair:4)
  A komodo dragon (Lair:5)
  A tyrant leech (Lair:2)
  4 dream sheep (Lair:4)
  A blink frog (Lair:4)
  A wyvern (Lair:3)
  8 yaks (Lair:5)
  3 wargs (Orc:2)
  A water moccasin (Lair:5)
  3 orc warriors
  2 ogres (Orc:2)
  5 wolves
  2 bullfrogs
  2 orc priests (Orc:2)
  2 orc wizards (Orc:1)
  8 orcs
  An endoplasm (Lair:5)
58 creatures vanquished.

Vanquished Creatures (others)
  A two-headed ogre zombie (Orc:2)
  2 ancestors (Lair:2)
  11 battlemagi
  A gnoll (D:8)
  An orc (Orc:1)
16 creatures vanquished.

Grand Total: 647 creatures vanquished

Notes
Turn   | Place    | Note
-------+----------+-------------------------------------------
     0 | D:1      | Zeo the Draconian Hunter began the quest for the Orb.
     0 | D:1      | Reached XP level 1. HP: 17/17 MP: 1/1
   135 | D:1      | Reached XP level 2. HP: 24/25 MP: 2/2
   206 | D:1      | Reached skill level 4 in Ranged Weapons
   509 | D:1      | Found Bymydui's Distillery.
   523 | D:1      | Reached XP level 3. HP: 26/30 MP: 3/3
  1129 | D:2      | Reached skill level 1 in Stealth
  1167 | D:2      | Reached XP level 4. HP: 38/38 MP: 4/4
  1185 | D:2      | Noticed Natasha
  1191 | D:2      | Killed Natasha
  1248 | D:2      | Noticed Natasha
  1257 | D:2      | Killed Natasha
  1344 | D:2      | Found an ornate altar of the Wu Jian Council.
  1405 | D:2      | Reached skill level 5 in Ranged Weapons
  1405 | D:2      | Reached XP level 5. HP: 45/45 MP: 5/5
  1471 | D:2      | Noticed Natasha
  1487 | D:2      | Killed Natasha
  1872 | D:3      | Reached XP level 6. HP: 45/51 MP: 6/6
  2000 | D:3      | You fall into a shaft and drop 1 floor!
  2029 | D:4      | Reached skill level 6 in Ranged Weapons
  2569 | D:4      | Found a staircase to the Ecumenical Temple.
  2584 | Temple   | Entered the Ecumenical Temple
  2921 | D:4      | Found a basalt altar of Yredelemnul.
  2953 | D:4      | Found a shimmering altar of Xom.
  3129 | D:4      | Your scales start taking on an icy white colour.
  3129 | D:4      | Reached XP level 7. HP: 59/59 MP: 7/7
  3129 | D:4      | Gained mutation: Your flesh is cold resistant. (rC+) [White
                  | Draconian growth]
  3658 | D:5      | Entered Level 5 of the Dungeon
  3663 | D:5      | Reached skill level 7 in Ranged Weapons
  3733 | D:5      | Noticed Pikel
  3743 | D:5      | Killed Pikel
  3744 | D:5      | Reached skill level 5 in Fighting
  3744 | D:5      | Reached skill level 8 in Ranged Weapons
  3744 | D:5      | Reached XP level 8. HP: 54/68 MP: 7/9
  4345 | D:6      | Reached skill level 9 in Ranged Weapons
  4608 | D:6      | Identified the +5 ring mail "Yxtop" {rC+++ Will- Str+5}
  4671 | D:6      | Reached XP level 9. HP: 70/75 MP: 12/12
  4902 | D:6      | Found Baumisk's Antique Armour Shoppe.
  4906 | D:6      | Bought a pair of masterwork gloves for 190 gold pieces
  4906 | D:6      | Identified the +0 pair of gloves "Cytanow" {Str+2} (You
                  | bought it in a shop on level 6 of the Dungeon)
  5564 | D:7      | Found a runed translucent door.
  5564 | D:7      | Noticed Eli's ghost (novice DEFE)
  5604 | D:7      | Reached skill level 10 in Ranged Weapons
  5766 | D:7      | Reached skill level 5 in Invocations
  5849 | D:7      | Identified the +2 robe "Wymyucw" {rF- Int+4}
  6269 | D:7      | Killed Eli's ghost
  6468 | D:1      | Bought a potion of curing for 33 gold pieces
  6468 | D:1      | Bought a potion of heal wounds for 55 gold pieces
  6468 | D:1      | Bought a potion of curing for 33 gold pieces
  6867 | D:8      | Found a glowing golden altar of the Shining One.
  6883 | D:8      | Reached skill level 11 in Ranged Weapons
  6896 | D:8      | Found a hide-covered altar of Uskayaw.
  6915 | D:8      | Found Qosk's Weapon Shop.
  6979 | D:8      | Reached XP level 10. HP: 30/86 MP: 13/13
  6998 | D:8      | Found a flagged portal.
  7008 | D:8      | Identified the +6 halberd "Sukuumuh" {antimagic, ^Fragile
                  | Will+ Dex+5}
  7011 | Bailey   | Entered a bailey
  7088 | Bailey   | Noticed an orc knight
  7122 | Bailey   | Killed an orc knight
  7186 | Bailey   | Identified the +1 pair of gloves "Veitis" {rC+ rCorr Int+4}
  7433 | D:8      | Reached skill level 12 in Ranged Weapons
  7482 | D:8      | Found a broken altar of Ashenzari.
  7525 | D:8      | Noticed a manticore
  7529 | D:8      | Killed a manticore
  8009 | D:9      | Found Warocao's Magic Scroll Emporium.
  8135 | D:9      | Reached skill level 13 in Ranged Weapons
  8192 | D:9      | Found Osut's Fire Supplies.
  8278 | D:9      | Reached XP level 11. HP: 95/95 MP: 14/14
  8284 | D:9      | Found a staircase to the Orcish Mines.
  8307 | D:9      | Found Ytinkiji's Book Shop.
  8308 | D:9      | Found a transporter.
  8341 | D:9      | Found a stormy altar of Qazlal.
  8370 | D:9      | Found a transporter.
  8370 | D:9      | Found Culirem's Jewellery Shop.
  8432 | D:9      | Found Xasuof's Antique Weapon Emporium.
  8486 | D:9      | Found Umnuq's Antique Weapon Shoppe.
  8650 | D:10     | Entered Level 10 of the Dungeon
  8825 | D:10     | Found a hazy altar of Hepliaklqana.
  8844 | D:10     | Noticed Fannar
  8852 | D:10     | Killed Fannar
  8931 | D:10     | Noticed Joseph
  8937 | D:10     | Killed Joseph
  9384 | D:10     | Reached skill level 14 in Ranged Weapons
  9438 | D:10     | HP: 2/97 [yak (10)]
  9849 | D:11     | Reached skill level 10 in Fighting
 10015 | D:11     | Found a staircase to the Lair.
 10102 | D:11     | Found a runed translucent gate.
 10103 | D:11     | Found a runed translucent gate.
 10103 | D:11     | Found an opulent altar of Gozag.
 10104 | D:11     | Found a runed translucent gate.
 10119 | D:11     | Found Mijeurchi's Assorted Antiques.
 10119 | D:11     | Noticed PaiMei's ghost (journeyman DsNe)
 10119 | D:11     | Noticed a deep elf pyromancer
 10120 | D:11     | Noticed a two-headed ogre
 10190 | D:11     | Reached skill level 15 in Ranged Weapons
 10329 | D:11     | Found a portal to a secret trove of treasure.
 10492 | D:10     | Became a worshipper of Hepliaklqana the Forgotten
 10868 | Lair:1   | Entered Level 1 of the Lair of Beasts
 10871 | Lair:1   | Noticed a catoblepas
 10888 | Lair:1   | Killed a catoblepas
 10889 | Lair:1   | Reached XP level 12. HP: 74/108 MP: 15/15
 10984 | Lair:1   | Found the +4 skin of Zhor {*Englaciate rC+++ SInv}
 11253 | Lair:1   | Noticed a catoblepas
 11285 | Lair:1   | Killed a catoblepas
 11514 | Lair:1   | Reached * piety under Hepliaklqana
 11897 | Lair:2   | Reached skill level 16 in Ranged Weapons
 12017 | Lair:2   | Identified the +4 rapier "Nusiuq" {antimagic, rCorr}
 12149 | Lair:2   | Noticed a boulder beetle
 12167 | Lair:2   | Killed a boulder beetle
 12252 | Lair:2   | Found a staircase to the Snake Pit.
 12539 | Lair:1   | HP: 1/100 [wolf (9)]
 13034 | Lair:2   | Found a staircase to the Swamp.
 13406 | Lair:3   | Reached ** piety under Hepliaklqana
 13407 | Lair:3   | Remembered your ancestor Milos as a battlemage
 13550 | Lair:3   | Identified the blade talisman of the Unseen Realm {rPois
                  | rC- rN+++ Int-4}
 13718 | Lair:3   | Noticed an eight-headed hydra
 13724 | Lair:3   | Killed an eight-headed hydra
 13725 | Lair:3   | Reached skill level 17 in Ranged Weapons
 13725 | Lair:3   | Reached XP level 13. HP: 107/107 MP: 16/16
 14030 | Lair:4   | Reached skill level 1 in Shields
 14565 | Lair:4   | You fall into a shaft and drop 1 floor!
 14565 | Lair:5   | Entered Level 5 of the Lair of Beasts
 14874 | Lair:5   | Reached skill level 18 in Ranged Weapons
 14902 | Lair:5   | Found a staircase to the Slime Pits.
 14912 | Lair:5   | Found a viscous altar of Jiyva.
 15939 | Lair:5   | Reached *** piety under Hepliaklqana
 16171 | Lair:5   | Reached XP level 14. HP: 118/118 MP: 17/17
 16354 | Lair:5   | Reached skill level 1 in Evocations
 16512 | Lair:5   | Found the +10 morningstar "Eos" {elec, Halo rElec}
 17631 | Orc:1    | Entered Level 1 of the Orcish Mines
 18009 | Orc:2    | Entered Level 2 of the Orcish Mines
 18731 | Orc:2    | Reached skill level 19 in Ranged Weapons
 18744 | Orc:2    | Found a staircase to the Elven Halls.
 19060 | Orc:2    | Reached skill level 15 in Fighting
 19151 | Orc:2    | Found Quppexku's Weapon Emporium.
 19376 | Orc:2    | Reached **** piety under Hepliaklqana
 19516 | Orc:2    | Found Haschiunt's Weapon Emporium.
 19516 | Orc:2    | Found Tualin's Weapon Shoppe.
 20090 | D:9      | Bought the ring of Jaucei Jybi {rF- rC+ Will+ Str+3 Int+4
                  | Dex+4} for 771 gold pieces
 20090 | D:9      | Bought the ring "Farrah" {rElec rPois Will+ Dex+6} for 837
                  | gold pieces
 21089 | D:11     | Killed PaiMei's ghost
 21104 | D:11     | Slain by a manticore

Illustrated notes

Levels and vault maps discovered:
D:1:      heliophobic_arrival_glass_houses, layout_basic, serial_shops,
          nicolae_diamond_shop, serial_corexii_hall,
          chequers_hall_statues_wall_a, corexii_hall_statues_i, corner_web_ring,
          nicolae_titane
D:2:      layout_rooms, basic_altar, chequers_arboretum, uniq_natasha
D:3:      layout_basic, nrook_campfire
D:4:      layout_loops_corners, mainiacjoe_overflow_swirl,
          minmay_temple_entry_statues_fountains
D:5:      nicolae_BIG_FREAKIN_CUBE, layout_cave_pools, uniq_pikel
D:6:      layout_loops_corners, serial_shops, nicolae_shop_back_alley_shop
D:7:      layout_loops_corners, gammafunk_ghost_grave
D:8:      layout_basic, ashenzari_altar_1, mainiacjoe_overflow_large_starburst,
          enter_bailey_2, serial_shops, nicolae_shop_bloodbath_and_beyond,
          kennysheep_generic_room_9
D:9:      layout_rooms, lemuel_tele_altar, david_orc_2, serial_shops, shop,
          nicolae_lakefront_shop, nicolae_shop_behind_doors,
          nicolae_shop_drivethru, shop, nicolae_shop_fire_sale
          [nicolae_sub_dead_trees], st_stairs_3
D:10:     layout_loops_ring, nicolae_overflow_hidden_temple, st_stairs_12,
          grunt_ministairs_3, chequers_jeans, uniq_fannar, uniq_joseph
D:11:     layout_basic, erik_lair_island, nicolae_trove_entry_path_of_doom,
          ebering_ghost_gozag
Temple:   nicolae_temple_no_exploring_needed
Lair:1:   layout_regular_city, hellmonk_guarded_unrand_zhor
Lair:2:   beast_lair_carwin_large_4, layout_hall_layers,
          minmay_swamp_entry_worms, nicolae_snake_entry_warm_welcome,
          grunt_megastairs_4, lemuel_fruit_tree
Lair:3:   layout_misc_corridors
Lair:4:   layout_regular_city, wad_woods_river_01
Lair:5:   evilmike_catoblepas_cave, layout_loops_ring,
          minmay_slime_entry_jelly_boxes
Orc:1:    layout_caves
Orc:2:    st_orc_town, layout_caves, basic_altar

Skill      XL: |  1  2  3  4  5  6  7  8  9 10 11 12 13 14 |
---------------+-------------------------------------------+-----
Ranged Weapons | 4 5 6 8 9 11 13 15 17 18 19 | 19.4
Dodging        | 2 |  2.5
Stealth        | 1 |  1.7
Fighting       | 3 4 5 7 8 10 12 14 15 | 15.7
Invocations    | 2 4 5 |  5.0
Shields        | 2 4 |  4.1
Evocations     | 1 |  1.2

Action                     |  1- 3 |  4- 6 |  7- 9 | 10-12 | 13-15 || total
---------------------------+-------+-------+-------+-------+-------++-------
  Melee: Shortbow          |       |     2 |       |       |       ||     2
         Tailslap          |       |     1 |       |       |       ||     1
         Arbalest          |       |       |     3 |       |       ||     3
   Fire: Shortbow          |   115 |   166 |       |       |       ||   281
         Arbalest          |       |    23 |   276 |   706 |   363 ||  1368
         Hand cannon       |       |       |       |       |   215 ||   215
 Invoke: Ancestor Life: Ba |       |       |       |     1 |       ||     1
         Recall Ancestor   |       |       |       |       |     1 ||     1
Ability: Breathe Frost     |       |       |     6 |    12 |     9 ||    27
  Evoke: Wand              |       |       |       |     2 |     3 ||     5
    Use: Potion            |       |     1 |     3 |     4 |     3 ||    11
         Scroll            |       |       |    13 |    12 |    13 ||    38
 Armour: Skin              |    58 |    78 |   180 |   371 |   175 ||   862
  Dodge: Dodged            |    60 |    71 |   176 |   418 |   228 ||   953
  Block: Other             |       |       |       |     6 |    62 ||    68
         Reflection        |       |       |       |       |     9 ||     9
